EVO
VANDERBILT UNIVERSITY COMMODORES @ UCLA BRUINS
08/09/2049
 
TOP OF THE 1ST
Vanderbilt University Commodores batting - Pitching for UCLA Bruins : LHP Tyler Finn
Pitching: LHP Tyler Finn
Batting: RHB Takashi Takeuchi 0-0: Fly out, F9 (Flyball, 9, EV 96.2 MPH)
Batting: RHB Brian Pflughoeft 0-0: Ball
1-0: Foul Ball, location: 2F
1-1: Ball
2-1: SINGLE (Line Drive, 5D, EV 98.8 MPH)
Batting: RHB Edgar Fernandez 0-0: Ball
1-0: Ball
2-0: Ball
3-0: Base on Balls
Brian Pflughoeft to second
Batting: RHB Jose Ramos 0-0: SINGLE (Line Drive, 34D, EV 104.4 MPH)
Brian Pflughoeft to third
Edgar Fernandez to second
Runner from 3rd tries for Home, SAFE, throw by RF to home
Batting: LHB Tokito Ishizaki 0-0: Grounds into double play, 4-6-3 (Groundball, 34, EV 76.2 MPH)
Top of the 1st over - 1 run, 2 hits, 0 errors, 1 left on base; Vanderbilt University 1 - UCLA 0
BOTTOM OF THE 1ST
UCLA Bruins batting - Pitching for Vanderbilt University Commodores : RHP Milutin Mladjenovic
Pitching: RHP Milutin Mladjenovic
Batting: LHB Mark Cummings 0-0: Ground out 4-3 (Groundball, 4, EV 85.0 MPH)
Batting: RHB Melvin Yanes 0-0: Hit by Pitch
Batting: RHB Andy Knerr 0-0: Foul Ball, location: 2F
0-1: Swinging Strike
0-2: Fly out, F6 (Popup, 15, EV 73.8 MPH)
Batting: RHB Ethan Krause 0-0: Ball
1-0: Swinging Strike
1-1: Ball
2-1: Fielders Choice at 2nd, 6-4 (Groundball, 6, EV 79.4 MPH)
Bottom of the 1st over - 0 runs, 0 hits, 0 errors, 1 left on base; Vanderbilt University 1 - UCLA 0
TOP OF THE 2ND
Vanderbilt University Commodores batting - Pitching for UCLA Bruins : LHP Tyler Finn
Batting: SHB D.J. Davis 0-0: Ball
1-0: Ball
2-0: Called Strike
2-1: Swinging Strike
2-2: Strikes out swinging
Batting: RHB Pakiana Kileona 0-0: Called Strike
0-1: Called Strike
0-2: Strikes out swinging
Batting: RHB Ruben Reyna 0-0: Ball
1-0: Called Strike
1-1: Foul Ball, location: 2F
1-2: Ball
2-2: Ball
3-2: Strikes out looking
Top of the 2nd over - 0 runs, 0 hits, 0 errors, 0 left on base; Vanderbilt University 1 - UCLA 0
BOTTOM OF THE 2ND
UCLA Bruins batting - Pitching for Vanderbilt University Commodores : RHP Milutin Mladjenovic
Batting: RHB Issac Konol 0-0: SINGLE (Groundball, 15, EV 80.0 MPH) (infield hit)
Batting: RHB Dave Spradley 0-0: Ball
1-0: Called Strike
1-1: Fly out, F7 (Flyball, 7S, EV 94.4 MPH)
Batting: RHB Michael Alvarado 0-0: Ball
1-0: Ball
2-0: Fielders Choice at 2nd, 4-6 (Groundball, 4, EV 81.9 MPH)
Batting: SHB Mike Beck 0-0: Fielders Choice at 2nd, 5-4 (Groundball, 56, EV 80.0 MPH)
Bottom of the 2nd over - 0 runs, 1 hit, 0 errors, 1 left on base; Vanderbilt University 1 - UCLA 0
TOP OF THE 3RD
Vanderbilt University Commodores batting - Pitching for UCLA Bruins : LHP Tyler Finn
Batting: SHB Robbie Glover 0-0: Called Strike
0-1: Ground out 6-3 (Groundball, 6, EV 89.4 MPH)
Batting: RHB Takashi Takeuchi 0-0: Called Strike
0-1: Called Strike
0-2: Fly out, F7 (Flyball, 7S, EV 89.4 MPH)
Batting: RHB Brian Pflughoeft 0-0: Fly out, F6 (Line Drive, 6M, EV 63.8 MPH)
Top of the 3rd over - 0 runs, 0 hits, 0 errors, 0 left on base; Vanderbilt University 1 - UCLA 0
BOTTOM OF THE 3RD
UCLA Bruins batting - Pitching for Vanderbilt University Commodores : RHP Milutin Mladjenovic
Batting: RHB Pete Devaux 0-0: Ball
1-0: Fly out, F8 (Flyball, 8RD, EV 99.4 MPH)
Batting: LHB Mark Cummings 0-0: Ball
1-0: Ground out U3 (Groundball, 3, EV 108.1 MPH)
Batting: RHB Melvin Yanes 0-0: SINGLE (Groundball, 4MS, EV 73.8 MPH) (infield hit)
Batting: RHB Andy Knerr 0-0: Ball
1-0: Swinging Strike
1-1: Ball
2-1: Swinging Strike
2-2: Strikes out looking
Bottom of the 3rd over - 0 runs, 1 hit, 0 errors, 1 left on base; Vanderbilt University 1 - UCLA 0
TOP OF THE 4TH
Vanderbilt University Commodores batting - Pitching for UCLA Bruins : LHP Tyler Finn
Batting: RHB Edgar Fernandez 0-0: SOLO HOME RUN (Line Drive, 8LXD, EV 116.9 MPH), Distance : 461 ft
Batting: RHB Jose Ramos 0-0: Called Strike
0-1: Ball
1-1: Ball
2-1: Ball
3-1: Ground out U3 (Groundball, 34, EV 80.0 MPH)
Batting: LHB Tokito Ishizaki 0-0: Ball
1-0: Called Strike
1-1: Ball
2-1: Called Strike
2-2: Foul Ball, location: 2F
2-2: SOLO HOME RUN (Line Drive, 89XD, EV 110.6 MPH), Distance : 437 ft
Batting: SHB D.J. Davis 0-0: Foul Ball, location: 2F
0-1: Swinging Strike
0-2: Ball
1-2: Ball
2-2: Foul Ball, location: 2F
2-2: Ball
3-2: Foul Ball, location: 2F
3-2: Foul Ball, location: 2F
3-2: Strikes out swinging
Batting: RHB Pakiana Kileona 0-0: Ball
1-0: Ground out 5-3 (Groundball, 5, EV 105.6 MPH)
Top of the 4th over - 2 runs, 2 hits, 0 errors, 0 left on base; Vanderbilt University 3 - UCLA 0
BOTTOM OF THE 4TH
UCLA Bruins batting - Pitching for Vanderbilt University Commodores : RHP Milutin Mladjenovic
Batting: RHB Ethan Krause 0-0: Ball
1-0: Called Strike
1-1: Foul Ball, location: 2F
1-2: Fly out, F8 (Line Drive, 8LD, EV 87.5 MPH)
Batting: RHB Issac Konol 0-0: Ball
1-0: SINGLE (Groundball, 6MD, EV 99.4 MPH)
Batting: RHB Dave Spradley 0-0: Ball
1-0: Ball
2-0: Ball
3-0: Base on Balls
Issac Konol to second
Batting: RHB Michael Alvarado 0-0: Foul Ball, location: 2F
0-1: Called Strike
0-2: Foul Ball, location: 2F
0-2: Strikes out swinging
Batting: SHB Mike Beck 0-0: DOUBLE (Line Drive, 78D, EV 112.5 MPH)
Issac Konol scores
Dave Spradley to third
Runner from 3rd tries for Home, SAFE, no throw by LF
Batting: RHB Pete Devaux 0-0: Ball
1-0: Called Strike
1-1: Foul Ball, location: 2F
1-2: Ball
2-2: Fly out, F8 (Flyball, 8RD, EV 96.2 MPH)
Bottom of the 4th over - 2 runs, 2 hits, 0 errors, 1 left on base; Vanderbilt University 3 - UCLA 2
TOP OF THE 5TH
Vanderbilt University Commodores batting - Pitching for UCLA Bruins : LHP Tyler Finn
Now at C: Chris Pounders
Now at 1B: Andy Pluskota
Now in LF: Young-lau Seow
Now in RF: Scott Mullett
Batting: RHB Ruben Reyna 0-0: Foul Ball, location: 2F
0-1: Ball
1-1: Foul Ball, location: 2F
1-2: Ball
2-2: Foul Ball, location: 2F
2-2: Ball
3-2: Foul Ball, location: 2F
3-2: Foul Ball, location: 2F
3-2: Ground out 6-3 (Groundball, 6M, EV 109.4 MPH)
Batting: SHB Robbie Glover 0-0: Called Strike
0-1: Fly out, F7 (Flyball, 7, EV 90.0 MPH)
Batting: RHB Sam Kerwin 0-0: Ball
1-0: Ball
2-0: Fly out, F8 (Flyball, 8RD, EV 90.0 MPH)
Top of the 5th over - 0 runs, 0 hits, 0 errors, 0 left on base; Vanderbilt University 3 - UCLA 2
BOTTOM OF THE 5TH
UCLA Bruins batting - Pitching for Vanderbilt University Commodores : RHP Milutin Mladjenovic
Now at 1B: Paul Johnson
Now at 2B: En-lai Kong
Batting: LHB Mark Cummings 0-0: SINGLE (Line Drive, 7LS, EV 104.4 MPH)
Batting: LHB Scott Mullett 0-0: Foul Ball, location: 2F
0-1: Grounds into double play, 5-4-3 (Groundball, 5, EV 103.8 MPH)
Batting: LHB Young-lau Seow 0-0: Called Strike
0-1: Foul Ball, location: 2F
0-2: Foul Ball, location: 2F
0-2: Ball
1-2: Strikes out looking
Bottom of the 5th over - 0 runs, 1 hit, 0 errors, 0 left on base; Vanderbilt University 3 - UCLA 2
TOP OF THE 6TH
Vanderbilt University Commodores batting - Pitching for UCLA Bruins : LHP Tyler Finn
Pitching: LHP Joe Landgraff
Batting: RHB Brian Pflughoeft 0-0: Called Strike
0-1: Ball
1-1: Foul Ball, location: 2F
1-2: Ground out 1-3 (Groundball, 34S, EV 66.9 MPH)
Batting: RHB Paul Johnson 0-0: Swinging Strike
0-1: Ball
1-1: Ground out 5-3 (Groundball, 56S, EV 66.2 MPH)
Pinch Hitting: RHB Min Tann 0-0: Ball
1-0: Swinging Strike
1-1: Foul Ball, location: 2F
1-2: Fly out, F7 (Flyball, 78D, EV 101.2 MPH)
Top of the 6th over - 0 runs, 0 hits, 0 errors, 0 left on base; Vanderbilt University 3 - UCLA 2
BOTTOM OF THE 6TH
UCLA Bruins batting - Pitching for Vanderbilt University Commodores : RHP Milutin Mladjenovic
Now in LF: Min Tann
Batting: LHB Marcus Finch 0-0: Fly out, F7 (Flyball, 78D, EV 103.8 MPH)
Batting: RHB Chris Pounders 0-0: Foul Ball, location: 2F
0-1: Swinging Strike
0-2: Strikes out swinging
Batting: LHB Andy Pluskota 0-0: Ground out 4-3 (Groundball, 4, EV 108.8 MPH)
Bottom of the 6th over - 0 runs, 0 hits, 0 errors, 0 left on base; Vanderbilt University 3 - UCLA 2
TOP OF THE 7TH
Vanderbilt University Commodores batting - Pitching for UCLA Bruins : LHP Joe Landgraff
Pitching: RHP Juan Zatarain
Batting: LHB Tokito Ishizaki 0-0: Ball
1-0: Ball
2-0: Fly out, F6 (Popup, 15, EV 84.4 MPH)
Batting: RHB En-lai Kong 0-0: Ball
1-0: Fly out, F8 (Flyball, 8RS, EV 85.6 MPH)
Batting: RHB Pakiana Kileona 0-0: Ball
1-0: Called Strike
1-1: Ground out 1-3 (Groundball, 13S, EV 71.2 MPH)
Top of the 7th over - 0 runs, 0 hits, 0 errors, 0 left on base; Vanderbilt University 3 - UCLA 2
BOTTOM OF THE 7TH
UCLA Bruins batting - Pitching for Vanderbilt University Commodores : RHP Milutin Mladjenovic
Batting: RHB Michael Alvarado 0-0: Called Strike
0-1: SINGLE (Groundball, 56S, EV 61.2 MPH) (infield hit)
Pinch Hitting: SHB Steve Fouhy 0-0: Fielders Choice at 2nd, 6-4 (Groundball, 6M, EV 83.8 MPH)
Batting: RHB Pete Devaux 0-0: Foul Ball, location: 2F
0-1: Swinging Strike
0-2: Ball
1-2: Strikes out swinging
Batting: LHB Mark Cummings 0-0: Called Strike
0-1: Foul Ball, location: 2F
0-2: Ball
1-2: Ball
2-2: Fielders Choice at 2nd, 5-4 (Groundball, 56, EV 83.8 MPH)
Bottom of the 7th over - 0 runs, 1 hit, 0 errors, 1 left on base; Vanderbilt University 3 - UCLA 2
TOP OF THE 8TH
Vanderbilt University Commodores batting - Pitching for UCLA Bruins : RHP Juan Zatarain
Now at 3B: Steve Fouhy
Batting: RHB Ruben Reyna 0-0: Ball
1-0: Ball
2-0: Foul Ball, location: 2F
2-1: Ball
3-1: SINGLE (Line Drive, 8RS, EV 94.4 MPH)
Batting: SHB Robbie Glover 0-0: Sac Bunt to 13 - play at first, batter OUT! 1-4
Ruben Reyna to second
Batting: RHB Sam Kerwin 0-0: Ball
1-0: Ball
2-0: SINGLE (Groundball, 4MD, EV 101.9 MPH)
Ruben Reyna to third
Batting: RHB Brian Pflughoeft 0-0: Ball
1-0: Ball
2-0: Ball
3-0: Base on Balls
Sam Kerwin to second
Pitching: LHP Honor Munoz
Batting: RHB Paul Johnson 0-0: Hit by Pitch
Ruben Reyna scores
Sam Kerwin to third
Brian Pflughoeft to second
Batting: RHB Min Tann 0-0: Called Strike
0-1: Foul Ball, location: 2F
0-2: Ball
1-2: Ball
2-2: Grounds into fielders choice 5-2 (Groundball, 56S, EV 93.8 MPH)
Brian Pflughoeft to third
Paul Johnson to second
Batting: LHB Tokito Ishizaki 0-0: Called Strike
0-1: Swinging Strike
0-2: Ball
1-2: Strikes out swinging
Top of the 8th over - 1 run, 2 hits, 0 errors, 3 left on base; Vanderbilt University 4 - UCLA 2
BOTTOM OF THE 8TH
UCLA Bruins batting - Pitching for Vanderbilt University Commodores : RHP Milutin Mladjenovic
Pitching: LHP Lothar Wendelin
Batting: LHB Scott Mullett 0-0: Called Strike
0-1: Foul Ball, location: 2F
0-2: Ball
1-2: Fly out, F5 (Popup, 5SF, EV 79.4 MPH)
Batting: LHB Young-lau Seow 0-0: Foul Ball, location: 2F
0-1: Swinging Strike
0-2: Ball
1-2: Foul Ball, location: 2F
1-2: Ball
2-2: Ball
3-2: Strikes out swinging
Batting: LHB Marcus Finch 0-0: Called Strike
0-1: Ball
1-1: Ball
2-1: Called Strike
2-2: Ball
3-2: Foul Ball, location: 2F
3-2: Base on Balls
Batting: RHB Chris Pounders 0-0: Called Strike
0-1: 2-RUN HOME RUN (Flyball, 7LD, EV 95.0 MPH), Distance : 356 ft
Pinch Hitting: LHB Dave Hutchison 0-0: Foul Ball, location: 2F
0-1: Swinging Strike
0-2: Reached on error, E4 (Groundball, 34, EV 89.4 MPH)
Batting: RHB Michael Alvarado 0-0: Ball
1-0: Called Strike
1-1: Ball
2-1: Ball
3-1: Fielders Choice at 2nd, 5-4 (Groundball, 56, EV 90.0 MPH)
Bottom of the 8th over - 2 runs, 1 hit, 1 error, 1 left on base; Vanderbilt University 4 - UCLA 4
TOP OF THE 9TH
Vanderbilt University Commodores batting - Pitching for UCLA Bruins : LHP Honor Munoz
Pitching: RHP Carlos Rodriguez
Now at 1B: Kevin Allen
Batting: RHB En-lai Kong 0-0: Called Strike
0-1: Ball
1-1: Ball
2-1: Ball
3-1: SINGLE (Groundball, 4MD, EV 105.0 MPH)
Batting: RHB Pakiana Kileona 0-0: Ball
1-0: Called Strike
1-1: Ball
2-1: Called Strike
2-2: Foul Ball, location: 2F
2-2: Foul Ball, location: 2F
2-2: Ball
3-2: Base on Balls
En-lai Kong to second
Batting: RHB Ruben Reyna 0-0: Called Strike
0-1: SINGLE (Line Drive, 9S, EV 87.5 MPH)
En-lai Kong to third
Pakiana Kileona to second
Runner from 3rd tries for Home, throw by RF and OUT! 9-2
Now in RF: Sean Munns
Batting: SHB Robbie Glover 0-0: Called Strike
0-1: Foul Ball, location: 2F
0-2: Ball
1-2: Ball
2-2: SINGLE (Line Drive, 8LS, EV 91.2 MPH)
Pakiana Kileona to third
Ruben Reyna to second
Batting: RHB Sam Kerwin 0-0: Called Strike
0-1: Ball
1-1: Ball
2-1: Foul Ball, location: 2F
2-2: SINGLE (Line Drive, 4D, EV 95.0 MPH)
Pakiana Kileona scores
Ruben Reyna to third
Robbie Glover to second
Pitching: RHP Cyrano Papadoupolos
Batting: RHB Brian Pflughoeft 0-0: Ball
1-0: Called Strike
1-1: Swinging Strike
1-2: Ball
2-2: Ball
3-2: Strikes out looking
Batting: RHB Paul Johnson 0-0: SINGLE (Groundball, 34D, EV 105.0 MPH)
Ruben Reyna scores
Robbie Glover to third
Sam Kerwin to second
Batting: RHB Min Tann 0-0: Ball
1-0: Called Strike
1-1: Ground out U3 (Groundball, 34, EV 90.0 MPH)
Top of the 9th over - 2 runs, 5 hits, 0 errors, 3 left on base; Vanderbilt University 6 - UCLA 4
BOTTOM OF THE 9TH
UCLA Bruins batting - Pitching for Vanderbilt University Commodores : LHP Lothar Wendelin
Pitching: RHP Bill Mata
Batting: SHB Steve Fouhy 0-0: Called Strike
0-1: Called Strike
0-2: Foul Ball, location: 2F
0-2: Ball
1-2: Foul Ball, location: 2F
1-2: Fly out, F8 (Line Drive, 8RD, EV 91.2 MPH)
Batting: RHB Pete Devaux 0-0: Fly out, F6 (Popup, 6D, EV 43.8 MPH)
Batting: LHB Mark Cummings 0-0: DOUBLE (Flyball, 78D, EV 107.5 MPH)
Batting: SHB Sean Munns 0-0: Called Strike
0-1: Fly out, F9 (Flyball, 89M, EV 77.5 MPH)
Bottom of the 9th over - 0 runs, 1 hit, 0 errors, 1 left on base; Vanderbilt University 6 - UCLA 4
Sunday, July 16th , 2023 - OOTP Baseball 24.6 Build 69